 Dungeon Crawl Stone Soup version 0.22-a0-799-g88f5e90 (webtiles) character file.

2729 Amnesiac the Geomancer (level 9, -9/57 HPs)
             Began as a Mummy Earth Elementalist on July 21, 2018.
             Was a Priest of Vehumet.
             Mangled by an orc warrior
             ... wielding a +0 glaive
              (22 damage)
             ... on level 8 of the Dungeon.
             The game lasted 00:11:58 (6926 turns).

Amnesiac the Geomancer (Mummy Earth Elementalist)   Turns: 6926, Time: 00:11:59

Health: -9/57      AC:  4    Str: 11    XL:     9   Next: 40%
Magic:  1/21       EV: 12    Int: 21    God:    Vehumet [***...]
Gold:   381        SH:  0    Dex: 12    Spells: 10/25 levels left

rFire    x . .     SeeInvis .   a - +1 dagger (elec)
rCold    + + .     Gourm    .   (no shield)
rNeg     + + +     Faith    .   m - +1 robe "Qewastev" {rC+}
rPois    ∞         Spirit   .   (no helmet)
rElec    .         Reflect  .   (no cloak)
rCorr    .         Harm     .   f - +0 pair of gloves
MR       +....                  (no boots)
Stlth    ++........             (no amulet)
HPRegen  0.19/turn              d - +3 ring of intelligence
MPRegen  0.17/turn              h - ring of wizardry

@: no status effects
A: no food or potions, fire vulnerability, cold resistance 1, negative energy
resistance 3, torment resistance, unbreathing
a: Renounce Religion


You were on level 8 of the Dungeon.
You worshipped Vehumet.
Vehumet was most pleased with you.
You were not hungry.

You visited 2 branches of the dungeon, and saw 9 of its levels.

You collected 381 gold pieces.

Inventory:

Hand Weapons
 a - a +1 dagger of electrocution (weapon)
 b - a +0 hunting sling
 i - a +0 blowgun
Missiles
 e - 269 stones (quivered)
 g - 16 sling bullets
 j - 40 poisoned needles
Armour
 f - a +0 pair of gloves (worn)
 m - the +1 robe "Qewastev" (worn) {rC+}
   (You found it on level 4 of the Dungeon)

   It protects you from cold.
Jewellery
 d - a +3 ring of intelligence (left hand)
 h - a ring of wizardry (right hand)
 k - an uncursed ring of stealth
 s - an uncursed ring of magical power {unknown}
Wands
 c - a wand of paralysis (11)
 n - a wand of polymorph (9)
 p - a wand of iceblast (9)
 t - a wand of clouds (7)
 u - a wand of flame (37)
 w - a wand of random effects (28)
Scrolls
 l - 2 scrolls of teleportation {!r}
 o - 4 scrolls of remove curse {!r}
 q - 2 scrolls of magic mapping {!r}
 r - 3 scrolls of identify {!r}
 v - a scroll of brand weapon {!r}


   Skills:
 + Level 3.4 Short Blades
 - Level 1.5 Dodging
 - Level 1.5 Stealth
 + Level 8.7 Spellcasting
 - Level 0.7 Transmutations
 * Level 8.8 Earth Magic


You had 10 spell levels left.
You knew the following spells:

 Your Spells              Type           Power        Failure   Level  Hunger
a - Sandblast             Erth           #####.       1%          1    N/A
b - Passwall              Tmut/Erth      ####....     1%          2    N/A
c - Stone Arrow           Conj/Erth      ####..       1%          3    N/A
d - Lee's Rapid Deconstr  Erth           #####.....   1%          5    N/A
e - Petrify               Tmut/Erth      ####....     4%          4    N/A

Your spell library contained the following spells:

 Spells                   Type           Power        Failure   Level  Hunger


Dungeon Overview and Level Annotations

Branches:
Dungeon (8/15)             Temple (1/1) D:5
   Lair: D:8-11

Altars:
Ashenzari
Cheibriados
Elyvilon
Fedhas
Gozag
Hepliaklqana
Kikubaaqudgha
Makhleb
Nemelex Xobeh
Okawaru
Qazlal
Ru
Sif Muna
Trog
Uskayaw
Vehumet
Wu Jian
Xom
Yredelemnul
Zin
The Shining One


Innate Abilities, Weirdness & Mutations

You do not eat or drink.
Your flesh is vulnerable to fire.
You are immune to poison.
Your flesh is cold resistant. (rC+)
You are immune to negative energy. (rN+++)
You are immune to unholy pain and torment.
You can survive without breathing.


Message History

Press: ? - help, Shift-Dir - straight line, f - orc
Aim: an orc, wielding a club and wearing a leather armour (hasn't noticed you, chance to defeat MR: 74%)
The orc shouts!
The orc is moving more slowly.
The orc shouts!
An orc warrior comes into view. It is wielding a glaive.
An orc comes into view.
The orc warrior shouts!
The orc shouts!
The orc warrior hits you with a glaive!
The orc stops moving altogether!
The orc warrior barely misses you.
Casting: Petrify (safe; 4% risk of failure)
Confirm with . or Enter, or press ? or * to list all spells.
Aiming: Lee's Rapid Deconstruction (safe; 1% risk of failure)
Press: ? - help, Dir - move target cursor, f/p - orc Fragment what (e.g. wall or brittle monster)?: an orc, wielding a club and wearing a leather armour (petrified)
The orc shatters!
You blow up the orc!
Vehumet accepts your kill.
The blast of petrified fragments hits the orc warrior.
The orc warrior is heavily wounded.
The blast of petrified fragments hits the orc.
You kill the orc!
Vehumet accepts your kill.
You feel your power returning. The orc warrior misses you.
Unknown command.
Casting: Lee's Rapid Deconstruction (safe; 1% risk of failure)
Confirm with . or Enter, or press ? or * to list all spells.
Aiming: Lee's Rapid Deconstruction (safe; 1% risk of failure)
Press: ? - help, Dir - move target cursor, f - orc warrior Fragment what (e.g. wall or brittle monster)?: an orc warrior, wielding a glaive and wearing a plate armour (heavily wounded)
An open door.
The door shatters!
The blast of rock fragments hits the orc warrior.
The orc warrior is almost dead.
The blast of rock fragments hits the orc.
You kill the orc!
Vehumet accepts your kill.
Casting: Lee's Rapid Deconstruction (safe; 1% risk of failure)
Confirm with . or Enter, or press ? or * to list all spells.
Aiming: Lee's Rapid Deconstruction (safe; 1% risk of failure)
Press: ? - help, Dir - move target cursor, f/p - orc warrior Fragment what (e.g. wall or brittle monster)?: an orc warrior, wielding a glaive and wearing a plate armour (almost dead)
An open door.
The door shatters!
The blast of rock fragments hits the orc warrior.
The orc warrior is almost dead.
The orc warrior hits you from afar with a glaive!!
Ouch! That really hurt!
* * * LOW HITPOINT WARNING * * *
Casting: Lee's Rapid Deconstruction (safe; 1% risk of failure)
Confirm with . or Enter, or press ? or * to list all spells.
You don't have enough magic to cast that spell.
Throwing (i - inventory)
e - 269 stones (quivered)
Press: ? - help, Shift-Dir - straight line, f/p - orc warrior
Aim: an orc warrior, wielding a glaive and wearing a plate armour (almost dead)
Okay, then.
Casting: Lee's Rapid Deconstruction (safe; 1% risk of failure)
Confirm with . or Enter, or press ? or * to list all spells.
Aiming: Stone Arrow (safe; 1% risk of failure)
Press: ? - help, Shift-Dir - straight line, f/p - orc warrior
Aim: an orc warrior, wielding a glaive and wearing a plate armour (almost dead)
The stone arrow misses the orc warrior.
The orc warrior hits you from afar with a glaive!!
You die...

##....# #.......#
#.....#.##.# # ......#
#.......# #.....#.##.# #
....### #.......#
#.....#.##.# # ....#
#.......###.....#.##.###
....#
#.............))........
....#
######.....##..#####.###
[...#
#.....##..).....#..
#####
#.....##...###.....
#.@...##.....†..†..
#.....##.....[.....
##o#####.#.##..#### .†)
#.#...)..... .....
#.####.....# .......
#.####.#....
.........#.....>....†
..........######.#.###
...........# #.#.#..


You could see an orc warrior.

Vanquished Creatures
  Joseph (D:7)
  Grinder (D:3)
  Sigmund (D:2)
  2 sky beasts
  2 ice beasts
  A phantom (D:4)
  2 ogres
  A centaur (D:5)
  A big kobold (D:4)
  A gnoll sergeant (D:5)
  2 bullfrogs (D:7)
  6 howler monkeys (D:8)
  A crimson imp (D:8)
  A bullfrog zombie (D:6)
  A quasit (D:6)
  3 hounds
  8 orc wizards
  2 orc priests
  An iguana (D:8)
  4 worker ants
  The ghost of Hebeh the Conjurer, a weakling DECj (D:3)
  A hound skeleton (D:5)
  3 gnolls (D:5)
  3 adders
  2 shadow imps
  3 oozes
  2 adder skeletons
  2 worms
  5 dart slugs
  5 leopard geckos
  32 orcs
  4 bats
  7 giant cockroaches
  11 goblins
  6 hobgoblins
  2 jackals (D:3)
  6 kobolds
  2 quokkas (D:3)
  4 frilled lizards
  A leopard gecko skeleton (D:4)
  9 rats
153 creatures vanquished.

Notes
Turn   | Place    | Note
-------+----------+-------------------------------------------
     0 | D:1      | Amnesiac the Mummy Earth Elementalist began the quest for the Orb.
     0 | D:1      | Reached XP level 1. HP: 13/13 MP: 4/4
    87 | D:2      | Reached XP level 2. HP: 19/19 MP: 2/5
   255 | D:3      | Learned a level 2 spell: Passwall
   327 | D:3      | Found a runed gate.
   328 | D:3      | Found a runed gate.
   329 | D:3      | Found a runed gate.
   331 | D:3      | Noticed Hebeh's ghost (weakling DECj)
   348 | D:3      | Found a shattered altar of Ashenzari.
   349 | D:3      | Found a bloodstained altar of Trog.
   349 | D:3      | Noticed Grinder
   400 | D:4      | Noticed a phantom
   744 | D:3      | Reached XP level 3. HP: 21/24 MP: 7/7
   763 | D:3      | Reached XP level 4. HP: 18/30 MP: 0/9
   953 | D:4      | Noticed a big kobold
   975 | D:4      | Killed a big kobold
   975 | D:4      | Reached XP level 5. HP: 35/35 MP: 3/11
  1161 | D:4      | Noticed an ogre
  1163 | D:4      | Killed an ogre
  1163 | D:4      | Reached XP level 6. HP: 41/41 MP: 9/13
  1170 | D:4      | Learned a level 5 spell: Lee's Rapid Deconstruction
  1175 | D:4      | Learned a level 4 spell: Petrify
  1396 | D:4      | Got a wizard robe
  1411 | D:4      | Identified the +1 robe "Qewastev" {rC+} (You found it on level 4 of the Dungeon)
  1697 | D:4      | Found a blossoming altar of Fedhas.
  2008 | D:4      | Reached skill level 5 in Spellcasting
  2008 | D:4      | Reached skill level 5 in Earth Magic
  2102 | D:5      | Entered Level 5 of the Dungeon
  2107 | D:5      | Learned a level 3 spell: Stone Arrow
  2160 | D:5      | Noticed an ice beast
  2162 | D:5      | Killed an ice beast
  2200 | D:5      | Found a glowing golden altar of the Shining One.
  2465 | D:5      | Found a staircase to the Ecumenical Temple.
  2473 | Temple   | Entered the Ecumenical Temple
  2528 | Temple   | Became a worshipper of Vehumet
  3003 | D:1      | Reached XP level 7. HP: 45/46 MP: 15/15
  3197 | D:2      | Found a snail-covered altar of Cheibriados.
  3249 | D:2      | Reached * piety under Vehumet
  3249 | D:2      | Offered knowledge of Shock by Vehumet.
  3278 | D:2      | Noticed Sigmund
  3283 | D:2      | Killed Sigmund
  3512 | D:2      | Found a sparkling altar of Nemelex Xobeh.
  3513 | D:2      | Found an opulent altar of Gozag.
  3742 | D:3      | Found a basalt altar of Yredelemnul.
  3912 | D:3      | Killed Hebeh's ghost
  3918 | D:3      | Killed Grinder
  4123 | D:5      | Reached XP level 8. HP: 49/52 MP: 18/18
  4124 | D:5      | Offered knowledge of Magic Dart by Vehumet.
  4151 | D:5      | Reached ** piety under Vehumet
  4471 | D:5      | Found a deep blue altar of Sif Muna.
  4881 | D:6      | Found a glowing silver altar of Zin.
  4968 | D:6      | Found a sacrificial altar of Ru.
  5047 | D:6      | Found a radiant altar of Vehumet.
  5917 | D:8      | Noticed Joseph
  6132 | D:7      | Killed Joseph
  6132 | D:7      | Offered knowledge of Throw Frost by Vehumet.
  6132 | D:7      | Reached XP level 9. HP: 28/57 MP: 16/21
  6325 | D:8      | Found an ornate altar of the Wu Jian Council.
  6829 | D:8      | Reached *** piety under Vehumet
  6926 | D:8      | Mangled by an orc warrior

Vault maps used:
D:1:      onia_arrival_handbag
D:2:      grunt_temple_overflow_opulence, marbit_many_paths, uniq_sigmund
D:3:      lemuel_doored_altar, grunt_temple_overflow_open,
          ebering_ghost_rock_garden, uniq_grinder
D:4:      overflow_temple_1_default
D:5:      kennysheep_mini, tso_metal_star, minmay_temple_entry_glassed_door,
          first_ration
D:6:      nicolae_ru_awakened_eye, zin_academy, vehumet_altar_wand_db
D:8:      overflow_temple_1_default, uniq_joseph
Temple:   dpeg_three_leaves_temple

Skill      XL: |  1  2  3  4  5  6  7  8  9 |
---------------+----------------------------+-----
Earth Magic    | 3 4 5 6 8 |  8.8
Spellcasting   | 3 4 5 6 8 |  8.7
Short Blades   | 2 3 |  3.4
Dodging        | |  1.5
Stealth        | |  1.5
Transmutations | |  0.7

Action                   |  1- 3 |  4- 6 |  7- 9 || total
-------------------------+-------+-------+-------++-------
Melee: Unarmed           |    14 |       |       ||    14
       Spear             |    45 |    43 |    15 ||   103
       Dagger            |       |       |    77 ||    77
 Fire: Hunting sling     |       |    64 |   168 ||   232
 Cast: Sandblast         |    24 |    30 |    55 ||   109
       Passwall          |     3 |       |       ||     3
       Petrify           |       |       |    18 ||    18
       Lee's Rapid Decon |       |       |    16 ||    16
       Stone Arrow       |       |       |     1 ||     1
  Use: Scroll            |       |     1 |     8 ||     9
 Stab: Sleeping          |     2 |     2 |       ||     4
       Petrified         |       |       |    32 ||    32
       Petrifying        |       |       |     2 ||     2
Armor: Robe              |     8 |     9 |    19 ||    36
Dodge: Dodged            |    39 |    37 |    82 ||   158

Table legend:
 A = Spawn XP
 B = Non-spawn XP
 C = Spawn XP percentage of total XP
 D = Spawn monster count
 E = Non-spawn monster count
 F = Spawn count percentage of total count
 G = Total turns spent on level
                    A         B        C        D         E        F      G
               +---------+---------+-------+---------+---------+-------+---------
         Total |       0 |    3899 |   0.0 |       0 |     153 |   0.0 |  6926
               +---------+---------+-------+---------+---------+-------+---------
           D:1 |       0 |      47 |   0.0 |       0 |      22 |   0.0 |   537
           D:2 |       0 |     265 |   0.0 |       0 |      22 |   0.0 |   560
           D:3 |       0 |     393 |   0.0 |       0 |      28 |   0.0 |  1176
           D:4 |       0 |     425 |   0.0 |       0 |      16 |   0.0 |  1236
           D:5 |       0 |     581 |   0.0 |       0 |      15 |   0.0 |   998
           D:6 |       0 |     519 |   0.0 |       0 |      15 |   0.0 |   817
           D:7 |       0 |     729 |   0.0 |       0 |       8 |   0.0 |   819
           D:8 |       0 |     940 |   0.0 |       0 |      27 |   0.0 |   718
               +---------+---------+-------+---------+---------+-------+---------
